 Dungeon Crawl Stone Soup version 0.22.1-2-g9c5b331 (webtiles) character file.

18 Stepladder the Vexing (level 2, -3/28 HPs)
             Began as an Ogre Arcane Marksman on Dec 5, 2018.
             Slain by a gnoll
             ... wielding a +0 flail
              (5 damage)
             ... on level 1 of the Dungeon.
             The game lasted 00:02:52 (734 turns).

Stepladder the Vexing (Ogre Arcane Marksman)         Turns: 734, Time: 00:02:52

Health: -3/28      AC:  3    Str: 13    XL:     2   Next: 66%
Magic:  1/4        EV: 10    Int: 14    God:
Gold:   20         SH:  0    Dex:  9    Spells: 1/4 levels left

rFire    . . .     SeeInvis .   i - +0 club
rCold    . . .     Gourm    .   (no shield)
rNeg     . . .     Faith    .   a - +0 robe
rPois    .         Spirit   .   (helmet restricted)
rElec    .         Reflect  .   (no cloak)
rCorr    .         Harm     .   (gloves unavailable)
MR       .....                  (boots unavailable)
Stlth    +.........             (no amulet)
HPRegen  0.09/turn              (no ring)
MPRegen  0.09/turn              (no ring)

@: no status effects
A: large, unfitting armour, tough skin 1
a: no special abilities


You were on level 1 of the Dungeon.
You were not hungry.

You visited 1 branch of the dungeon, and saw 1 of its levels.

You collected 20 gold pieces.

Inventory:

Hand Weapons
 b - a +0 hunting sling
 i - a +0 club (weapon)
Armour
 a - a +0 robe (worn)
Scrolls
 e - a scroll of fear {unknown}
 g - 3 scrolls of identify {unknown}
 h - a scroll of teleportation {unknown}
Comestibles
 d - 3 chunks of flesh
 f - a ration


   Skills:
 + Level 2.0 Fighting
 - Level 2.0 Throwing
 + Level 2.1 Dodging
 + Level 1.7 Spellcasting
 + Level 2.9 Hexes


You had one spell level left.
You knew the following spells:

 Your Spells              Type           Power        Failure   Level  Hunger
a - Corona                Hex            #......      8%          1    ##.....
s - Slow                  Hex            #.......     11%         2    ###....

Your spell library contained the following spells:

 Spells                   Type           Power        Failure   Level  Hunger
 Inner Flame              Hex/Fire       #.......     36%         3    ####...
 Portal Projectile        Hex/Tloc       #.....       36%         3    ####...
 Cause Fear               Hex            #.........   58%         4    #####..
 Leda's Liquefaction      Hex/Erth       #.........   78%         4    #####..


Dungeon Overview and Level Annotations

Branches:
Dungeon (1/15)

Altars:


Innate Abilities, Weirdness & Mutations

You are too large for most types of armour.
You have tough skin. (AC +1)


Message History

Casting: Slow (safe; 11% risk of failure)
Confirm with . or Enter, or press ? or * to list all spells.
Okay, then.
Throwing (i - inventory)
c - 2 large rocks (quivered)
Press: ? - help, Shift-Dir - straight line, f - goblin, p - gnoll
Aim: a goblin You throw a large rock.
The large rock hits the gnoll.
The gnoll is moderately wounded.
The gnoll hits you with a flail!
* * * LOW HITPOINT WARNING * * *
The gnoll barely misses you. The goblin hits you but does no damage.
Throwing (i - inventory)
c - a large rock (quivered)
Press: ? - help, Shift-Dir - straight line, f/p - goblin
Aim: a goblin You throw a large rock.
The large rock barely misses the goblin.
The goblin hits you.
* * * LOW HITPOINT WARNING * * *
The gnoll hits you with a flail.
You die...

#......# ###.....#
#......###.......#
#...............# ..
#...............#
...###..............#####
........................#
........................#
..............####......#
>......#......(g@.......#
...............g##......#
................##......#
.............(..........#
........###.##..........#
........ #.##.........##
........#.#.....#....#
..........#[#รท....#....#
.. .......#.#.....#....#


You could see a gnoll and a goblin.

Vanquished Creatures
  2 leopard geckos (D:1)
  A ball python (D:1)
  A bat (D:1)
  A giant cockroach (D:1)
  3 goblins (D:1)
  A hobgoblin (D:1)
  2 kobolds (D:1)
  3 rats (D:1)
14 creatures vanquished.

Notes
Turn   | Place    | Note
-------+----------+-------------------------------------------
     0 | D:1      | Stepladder the Ogre Arcane Marksman began the quest for the
                  | Orb.
     0 | D:1      | Reached XP level 1. HP: 19/19 MP: 2/2
   180 | D:1      | Reached XP level 2. HP: 24/28 MP: 2/4
   189 | D:1      | Learned a level 2 spell: Slow
   734 | D:1      | Slain by a gnoll

Skill      XL: |  1  2 |
---------------+-------+-----
Dodging        | 2 |  2.1
Fighting       | 2 |  2.0
Throwing       | |  2.0
Spellcasting   | |  1.7
Hexes          | |  2.9

Action                   || total
-------------------------++-------
Melee: Unarmed           ||    41
       Hunting sling     ||     1
       Club              ||    39
Throw: Large rock        ||    16
       Throwing net      ||     2
 Cast: Corona            ||     2
       Slow              ||     1
Armor: Robe              ||    25
Dodge: Dodged            ||    57
